 Dungeon Crawl Stone Soup version 0.29-a0-1006-g0dd7720b37 (webtiles) character file.

Game seed: 11300444411734001921

23761 kae the Brawler (level 12, -1/124 HPs)
             Began as a Troll Monk on Aug 6, 2022.
             Was a High Priest of Wu Jian.
             Slain by a 14-headed hydra (6 damage)
             ... on level 2 of the Lair of Beasts.
             The game lasted 00:15:09 (11341 turns).

kae the Brawler (Troll Monk)                       Turns: 11341, Time: 00:15:10

Health: -1/124     AC: 15    Str: 26    XL:     12   Next: 74%
Magic:  0/11       EV: 13    Int:  6    God:    Wu Jian [*****.]
Gold:   739        SH:  0    Dex: 14    Spells: 11/11 levels left

rFire   . . .      SeeInvis .     - Unarmed
rCold   . . .      Faith    .   (no shield)
rNeg    + + .      Spirit   +   q - +0 swamp dragon scales
rPois   +          Reflect  .   (helmet restricted)
rElec   .          Harm     .   h - +1 cloak of Syndicalism {Rampage rPois}
rCorr   .          Rampage  +   (gloves unavailable)
Will    +....                   (boots unavailable)
Stlth   +.........              G - amulet of guardian spirit
HPRegen 1.10/turn               u - ring of willpower
MPRegen 0.12/turn               L - ring "Zetsaj" {rN++ AC+4 Dex+2}

@: no status effects
A: large, unfitting armour, claws 3, regeneration 1, shaggy fur 1, tough skin 1
a: Renounce Religion, Wall Jump, Serpent's Lash, Heavenly Storm


You were on level 2 of the Lair of Beasts.
You worshipped Wu Jian.
Wu Jian was extremely pleased with you.
You visited 3 branches of the dungeon, and saw 14 of its levels.

You collected 739 gold pieces.


Innate Abilities, Weirdness & Mutations

You are too large for most types of armour.
You have claws for hands.
Your natural rate of healing is unusually fast.
You are covered in fur. (AC +1)
You have tough skin. (AC +1)


   Skills:
 + Level 9.6 Fighting
 + Level 9.6 Dodging
 - Level 1.0 Stealth
 * Level 15.5 Unarmed Combat


You had 11 spell levels left.
You didn't know any spells.
Your spell library contained the following spells:

 Spells                   Type           Power      Damage    Failure   Level
 Apportation              Tloc           0%         N/A       58%         1
 Necrotise                Necr           0%         1d4       58%         1
 Shock                    Conj/Air       0%         1d3       58%         1
 Slow                     Hex            0%         N/A       58%         1
 Summon Small Mammal      Summ           0%         N/A       58%         1
 Blink                    Tloc           0%         N/A       75%         2
 Poisonous Vapours        Pois/Air       0%         N/A       75%         2
 Confusing Touch          Hex            0%         N/A       92%         3
 Ignite Poison            Fire/Tmut/Pois 0%         N/A       92%         3
 Mephitic Cloud           Conj/Pois/Air  0%         N/A       92%         3
 Swiftness                Air            0%         N/A       92%         3
 Vampiric Draining        Necr           0%         2d6       92%         3
 Airstrike                Air            0%         2d(0-16)  100%        4
 Corpse Rot               Necr/Pois/Air  0%         N/A       100%        4
 Dispel Undead            Necr           0%         3d6       100%        4
 Olgreb's Toxic Radiance  Pois           0%         N/A       100%        4
 Freezing Cloud           Conj/Ice/Air   0%         6-21      100%        5
 Manifold Assault         Tloc           0%         N/A       100%        5
 Summon Mana Viper        Hex/Summ       0%         N/A       100%        5
 Conjure Ball Lightning   Conj/Air       0%         3x3d6     100%        6
 Death Channel            Necr           0%         N/A       100%        6
 Ozocubu's Refrigeration  Ice            0%         4d7       100%        7
 Storm Form               Tmut/Air       0%         N/A       100%        7
 Discord                  Hex            0%         N/A       100%        8
 Disjunction              Tloc           0%         N/A       100%        8
 Ignition                 Fire           0%         3d3       100%        8

Inventory:

Missiles
 c - 149 stones (quivered)
 k - 6 javelins
 p - 5 poisoned darts
 v - a curare-tipped dart {=f}
 w - 12 boomerangs
 M - a throwing net {=f!f}
Armour
 a - a +0 robe
 h - the +1 cloak of Syndicalism (worn) {Rampage rPois}
   (You acquired it on level 1 of the Dungeon)

   rPois:     It protects you from poison.
   Rampage:   It bestows one free step when moving towards enemies.
 q - +0 swamp dragon scales (worn)
   (You found it on level 4 of the Dungeon)
Magical Staves
 N - a staff of earth {!a}
   (You found it on level 10 of the Dungeon)
Jewellery
 u - a ring of willpower (left claw)
   (You found it on level 7 of the Dungeon)
 A - an amulet of the acrobat
   (You found it on level 4 of the Dungeon)
 F - a ring of protection from fire
   (You found it on level 2 of the Lair of Beasts)
 G - an amulet of guardian spirit (around neck)
   (You found it on level 6 of the Dungeon)
 L - the ring "Zetsaj" (right claw) {rN++ AC+4 Dex+2}
   (You acquired it on level 1 of the Lair of Beasts)

   [ring of protection]

   AC:        It affects your AC (+4).
   Dex:       It affects your dexterity (+2).
   rN:        It greatly protects you from negative energy.
Wands
 r - a wand of flame (13)
   (You found it on level 7 of the Dungeon)
 t - a wand of polymorph (5)
   (You found it on level 5 of the Dungeon)
 C - a wand of light (2)
   (You took it off a centaur on level 9 of the Dungeon)
 K - a wand of paralysis (7)
   (You took it off an orc wizard on level 10 of the Dungeon)
 Q - a wand of roots (5)
   (You found it on level 9 of the Dungeon)
Scrolls
 i - 4 scrolls of teleportation {@r4}
 j - 3 scrolls of vulnerability {!r!r}
 x - 5 scrolls of poison
 y - a scroll of summoning {unknown}
 B - 2 scrolls of magic mapping {unknown}
 D - a scroll of immolation {!r!r}
 E - 2 scrolls of amnesia {unknown}
 H - a scroll of blinking {!r}
 I - a scroll of torment {unknown}
 O - 2 scrolls of identify {@r1}
 P - 3 scrolls of fear {unknown}
Potions
 b - 2 potions of ambrosia
 d - 2 potions of mutation {unknown}
 e - a potion of heal wounds {unknown}
 f - 8 potions of curing {@q1}
 g - a potion of attraction {!q}
 l - 3 potions of resistance
 m - 5 potions of brilliance {unknown}
 n - 3 potions of cancellation
 o - 3 potions of magic
 s - 2 potions of flight {unknown}
 z - 3 potions of degeneration {unknown}
 J - a potion of haste {@q3}
 R - a potion of invisibility {unknown}

Dungeon Overview and Level Annotations

Branches:
Dungeon (11/15) Zot: 26159  Temple (1/1) D:5 Zot: 5711    Lair (2/5) D:11 Zot: 10800
 Spider (0/4) Lair:2          Orc (0/2) D:10
  Swamp: Lair:2-3    Shoals: Lair:2-3

Altars:
Ashenzari
Cheibriados
Dithmenos
Elyvilon
Fedhas
Gozag
Hepliaklqana
Kikubaaqudgha
Makhleb
Nemelex Xobeh
Okawaru
Qazlal
Ru
Sif Muna
Trog
Uskayaw
Vehumet
Wu Jian
Xom
Yredelemnul
Zin
The Shining One

.###########################.###.
.#♣♣.♣♣ #.....# #...♣ #.
.#♣...♣#♣ #.♣♣♣.# #)♣♣♣♣#.
.#♣♣.♣♣#. #.....# #.....#.
.#♣...♣#. #.##†## #♣♣♣♣.#.
.#♣♣.♣♣#. #.#..# #.....#.
.#♣...♣#.♣♣♣ ♣.#..# #.♣♣♣♣#.
.#.~~~.#♣.♣.♣♣.#.## #.....#.
.#.~~~.†.♣♣♣...#@# #.♣♣♣.#.
.#.~~~.#♣.♣.♣♣##D# #.....#)
.#♣..)♣#.♣♣♣.♣ .h# #.♣♣♣♣#.
.#♣♣.♣♣#.....##..# #.....#.
.#♣.†.♣#.....##+## #♣♣♣♣.#.
.#♣♣.♣♣#.....# #.....#.
.#♣...♣#♣...♣# #.♣♣♣♣#. .#♣♣.♣♣
♣♣.♣♣ #...♣ #. .# #.# ### ###.#
#.


You could see a 14-headed hydra and a polar bear.


Message History

The Council accepts your kill.
You tear one of the seven-headed hydra's heads off!
The six-headed hydra grows two more!
You mangle the eight-headed hydra!! The eight-headed hydra bites you!
The eight-headed hydra bites you. x2
The eight-headed hydra bites you but does no damage.
The eight-headed hydra barely misses you.
The eight-headed hydra bites you.
The eight-headed hydra barely misses you.
The eight-headed hydra bites you. 😕 HP[-23] MP[-1]
You take 23 damage, and now have 101/124 hp.
You lost 1 mp, and now have 10/11 mp.
You rip one of the eight-headed hydra's heads off!
The seven-headed hydra grows two more!
You mangle the nine-headed hydra!!
You claw one of the nine-headed hydra's heads off!
The eight-headed hydra grows two more!
You claw the ten-headed hydra!
The ten-headed hydra bites you but does no damage.
The ten-headed hydra bites you. x3; The ten-headed hydra bites you!
The ten-headed hydra closely misses you.
The ten-headed hydra barely misses you. x2
The ten-headed hydra closely misses you.
The ten-headed hydra bites you but does no damage. 😮 HP[-18] MP[-2]
You take 18 damage, and now have 83/124 hp.
You lost 2 mp, and now have 8/11 mp.
You are too injured to fight recklessly!
You are too injured to fight recklessly!
You are too injured to fight recklessly!
You are too injured to fight recklessly!
Unknown command.
You claw one of the ten-headed hydra's heads off!
The nine-headed hydra grows two more!
You mangle the 11-headed hydra!!
The 11-headed hydra bites you but does no damage.
The 11-headed hydra bites you.
The 11-headed hydra bites you but does no damage. x2
The 11-headed hydra bites you. The 11-headed hydra barely misses you.
The 11-headed hydra bites you.
The 11-headed hydra completely misses you.
The 11-headed hydra barely misses you. The 11-headed hydra bites you!
The 11-headed hydra bites you but does no damage. 😮 HP[-18] MP[-2]
You take 18 damage, and now have 65/124 hp.
You lost 2 mp, and now have 6/11 mp.
You tear one of the 11-headed hydra's heads off!
The ten-headed hydra grows two more!
You claw the 12-headed hydra! The 12-headed hydra bites you!
* * * LOW HITPOINT WARNING * * *
The 12-headed hydra bites you.
* * * LOW HITPOINT WARNING * * *
The 12-headed hydra misses you.
The 12-headed hydra bites you but does no damage.
The 12-headed hydra bites you.
* * * LOW HITPOINT WARNING * * *
The 12-headed hydra bites you but does no damage.
The 12-headed hydra barely misses you. The 12-headed hydra bites you.
* * * LOW HITPOINT WARNING * * *
The 12-headed hydra bites you but does no damage.
The 12-headed hydra misses you.
The 12-headed hydra bites you but does no damage.
The 12-headed hydra completely misses you. 😨 HP[-19] MP[-2]
You take 19 damage, and now have 46/124 hp.
You lost 2 mp, and now have 4/11 mp.
You scratch the 12-headed hydra but do no damage. 😨 HP[+1] Unknown command.
You claw one of the 12-headed hydra's heads off!
The 11-headed hydra grows two more!
You scratch the 13-headed hydra.
The 13-headed hydra bites you but does no damage.
The 13-headed hydra closely misses you. The 13-headed hydra bites you.
* * * LOW HITPOINT WARNING * * *
The 13-headed hydra closely misses you. x2
The 13-headed hydra barely misses you.
The 13-headed hydra closely misses you. x2
The 13-headed hydra bites you but does no damage. x2
The 13-headed hydra bites you!
* * * LOW HITPOINT WARNING * * *
The 13-headed hydra bites you but does no damage.
The 13-headed hydra barely misses you. 😨 HP[-7]
You take 7 damage, and now have 40/124 hp.
Unknown command.
You rip one of the 13-headed hydra's heads off!
The 12-headed hydra grows two more!
You scratch the 14-headed hydra.
The 14-headed hydra bites you but does no damage.
The 14-headed hydra bites you.
* * * LOW HITPOINT WARNING * * *
The 14-headed hydra bites you but does no damage. x2
The 14-headed hydra bites you!
* * * LOW HITPOINT WARNING * * *
The 14-headed hydra barely misses you. The 14-headed hydra bites you!
* * * LOW HITPOINT WARNING * * *
The 14-headed hydra barely misses you.
The 14-headed hydra bites you but does no damage.
The 14-headed hydra bites you!
* * * LOW HITPOINT WARNING * * *
The 14-headed hydra bites you but does no damage.
The 14-headed hydra bites you.
* * * LOW HITPOINT WARNING * * *
The 14-headed hydra bites you!
You die...

Skill      XL: |  1  2  3  4  5  6  7  8  9 10 11 12 |
---------------+-------------------------------------+-----
Unarmed Combat | 5 6 7 9 10 12 14 15 | 15.5
Fighting       | 3 4 5 6 7 8 9 |  9.6
Dodging        | 3 4 5 6 7 8 9 |  9.6
Stealth        | |  1.0

Action                   |  1- 3 |  4- 6 |  7- 9 | 10-12 || total
-------------------------+-------+-------+-------+-------++-------
Melee: Unarmed           |    83 |    75 |   222 |   596 ||   976
       Punch             |     1 |     2 |    10 |    57 ||    70
Invok: Whirlwind         |       |       |     1 |    11 ||    12
 Abil: Wall Jump         |       |       |       |     7 ||     7
  Use: Scroll            |     7 |     3 |     4 |     4 ||    18
       Potion            |       |       |       |     1 ||     1
 Stab: Sleeping          |       |     4 |       |       ||     4
Armor: Robe              |    24 |    13 |       |       ||    37
       Swamp dragon scal |       |     8 |    62 |   261 ||   331
Dodge: Dodged            |    38 |    27 |    79 |   451 ||   595

Levels and vault maps discovered:
D:1:      ldierk_water_garden, layout_basic
D:2:      layout_rooms, basic_ecumenical_altar,
          amcnicky_mini_rare_corridor_liquid, uniq_sigmund
D:3:      layout_loops_ring
D:4:      layout_basic, hangedman_abyss_or_decor_lesser_grid
D:5:      layout_basic, mainiacjoe_overflow_concentric_impassable,
          marbit_many_paths, minmay_temple_entry_waves, minivault_11,
          uniq_menkaure
D:6:      layout_basic, minmay_checkerbox, uniq_duvessa
D:7:      layout_gridville, nicolae_ru_path_of_blood
D:8:      layout_basic, uniq_psyche
D:9:      layout_grid_maze
D:10:     gammafunk_cloud_chamber, layout_loops_ring,
          minmay_orc_entry_guard_dogs, minmay_misc_feat_diagonals, uniq_harold,
          uniq_grum
D:11:     layout_cave_pools, dpeg_lair_monsters, special_room
          [special_room_bee], nicolae_sif_muna_little_library
Temple:   compressed_dpeg_triangle_lava_temple
Lair:1:   layout_regular_city, beast_lair_carwin_5
Lair:2:   nzn_winding_woodlands_huge [nzn_winding_woodlands_5x15_sidewinder,
          nzn_winding_woodlands_5x15_crooked,
          nzn_winding_woodlands_5x15_default, nzn_winding_woodlands_5x15_cabin,
          nzn_winding_woodlands_5x15_split_checker,
          nzn_winding_woodlands_5x15_twine, nzn_winding_woodlands_5x15_zeroes,
          nzn_winding_woodlands_5x15_lazy_stream,
          nzn_winding_woodlands_5x15_pool, nzn_winding_woodlands_5x15_parted,
          nzn_winding_woodlands_center_lodge,
          nzn_winding_woodlands_center_pierced_h,
          nzn_winding_woodlands_15x15_boxy_spiral], layout_regular_city,
          nicolae_swamp_entry_splash_gauntlet, spider_nest_entry_web_field,
          uniq_erica

Notes
Turn   | Place    | Note
-------+----------+-------------------------------------------
     0 | D:1      | kae the Troll Monk began the quest for the Orb.
     0 | D:1      | Reached XP level 1. HP: 22/22 MP: 0/0
     0 | D:1      | magus.rc [v1.11.3]
   473 | D:1      | Reached XP level 2. HP: 29/29 MP: 1/1
   489 | D:1      | You add the spells Poisonous Vapours, Swiftness, Airstrike
                  | and Summon Mana Viper to your library.
   489 | D:1      | Got the Vellum of Cloudy Fascination
   954 | D:2      | Reached XP level 3. HP: 23/36 MP: 2/2
   991 | D:2      | You pick up a book of Debilitation and begin reading...
   991 | D:2      | You add the spells Slow, Vampiric Draining and Confusing
                  | Touch to your library.
  1056 | D:2      | Reached skill level 4 in Unarmed Combat
  1061 | D:2      | You add the spells Blink, Manifold Assault and Storm Form
                  | to your library.
  1109 | D:2      | Found a faded altar of an unknown god.
  1135 | D:2      | Noticed Sigmund
  1289 | D:1      | Identified a scroll of acquirement
  1289 | D:1      | Acquired the +1 cloak of Syndicalism {Rampage rPois}
  1322 | D:2      | Killed Sigmund
  1323 | D:2      | Reached skill level 3 in Fighting
  1323 | D:2      | Reached skill level 3 in Dodging
  1323 | D:2      | Reached skill level 5 in Unarmed Combat
  1323 | D:2      | Reached XP level 4. HP: 45/45 MP: 3/3
  1323 | D:2      | Reached XP level 5. HP: 53/53 MP: 4/4
  1548 | D:3      | You pick up a book of Chaos and begin reading...
  1548 | D:3      | You add the spells Conjure Ball Lightning, Disjunction and
                  | Discord to your library.
  1915 | D:3      | You pick up a book of Cantrips and begin reading...
  1915 | D:3      | You add the spells Necrotise, Summon Small Mammal and
                  | Apportation to your library.
  2171 | D:4      | Reached XP level 6. HP: 61/61 MP: 5/5
  2837 | D:5      | Entered Level 5 of the Dungeon
  2979 | D:5      | Reached skill level 6 in Unarmed Combat
  2979 | D:5      | Reached XP level 7. HP: 68/68 MP: 6/6
  3118 | D:5      | Found a staircase to the Ecumenical Temple.
  3127 | Temple   | Entered the Ecumenical Temple
  3400 | Temple   | Became a worshipper of the Wu Jian Council
  3400 | Temple   | Reached * piety under Wu Jian
  3400 | Temple   | Reached ** piety under Wu Jian
  3427 | D:5      | Reached skill level 4 in Fighting
  3427 | D:5      | Reached skill level 4 in Dodging
  3478 | D:5      | Found a white marble altar of Elyvilon.
  3517 | D:5      | Noticed Menkaure
  3523 | D:5      | Killed Menkaure
  3573 | D:5      | Reached skill level 7 in Unarmed Combat
  3764 | D:5      | Found a radiant altar of Vehumet.
  4012 | D:6      | Reached XP level 8. HP: 79/79 MP: 7/7
  4021 | D:6      | Noticed Duvessa
  4066 | D:6      | Killed Duvessa
  4067 | D:6      | Noticed Dowan
  4074 | D:6      | Killed Dowan
  4120 | D:6      | You pick up a book of Debilitation and begin reading...
  4128 | D:6      | Noticed a gargoyle
  4144 | D:6      | Killed a gargoyle
  4145 | D:6      | Reached skill level 5 in Fighting
  4145 | D:6      | Reached skill level 5 in Dodging
  4145 | D:6      | Reached skill level 8 in Unarmed Combat
  4321 | D:6      | Reached skill level 9 in Unarmed Combat
  4321 | D:6      | Reached XP level 9. HP: 69/88 MP: 8/8
  5225 | D:7      | Reached *** piety under Wu Jian
  5228 | D:7      | Reached skill level 6 in Fighting
  5297 | D:7      | Found a sacrificial altar of Ru.
  5524 | D:8      | Reached skill level 6 in Dodging
  5524 | D:8      | Reached skill level 10 in Unarmed Combat
  5667 | D:8      | Reached XP level 10. HP: 100/100 MP: 9/9
  6191 | D:8      | Noticed Psyche
  6194 | D:8      | Killed Psyche
  6195 | D:8      | Reached skill level 11 in Unarmed Combat
  6387 | D:9      | Noticed a two-headed ogre
  6395 | D:9      | Killed a two-headed ogre
  6548 | D:9      | Reached **** piety under Wu Jian
  6549 | D:9      | Reached skill level 7 in Fighting
  6622 | D:9      | Reached skill level 7 in Dodging
  6647 | D:9      | You add the spells Olgreb's Toxic Radiance, Ozocubu's
                  | Refrigeration and Ignition to your library.
  7093 | D:9      | Paralysed by a hornet for 1 turns
  7175 | D:9      | You pick up a book of Air and begin reading...
  7307 | D:10     | Entered Level 10 of the Dungeon
  7309 | D:10     | Found a staircase to the Orcish Mines.
  7351 | D:10     | Reached skill level 12 in Unarmed Combat
  7387 | D:10     | You add the spells Ignite Poison, Mephitic Cloud and
                  | Freezing Cloud to your library.
  7392 | D:10     | Found a transporter.
  7409 | D:10     | Noticed a cane toad
  7674 | D:10     | Noticed Grum
  7709 | D:10     | Killed Grum
  7710 | D:10     | Reached XP level 11. HP: 109/109 MP: 10/10
  7722 | D:10     | Noticed Harold
  7843 | D:10     | Found a transporter.
  7870 | D:10     | Noticed a two-headed ogre
  7880 | D:10     | Killed a two-headed ogre
  8386 | D:10     | Found a transporter.
  8488 | D:10     | Killed Harold
  8517 | D:10     | Found a staircase to the Orcish Mines.
  8572 | D:10     | Found a transporter.
  8916 | D:10     | HP: 27/111 [water moccasin (5)]
  8921 | D:10     | HP: 24/111 [poisoned by a water moccasin]
  9058 | D:10     | Reached skill level 13 in Unarmed Combat
  9077 | D:10     | You pick up a book of Cantrips and begin reading...
  9245 | D:11     | Reached skill level 8 in Fighting
  9245 | D:11     | Reached skill level 8 in Dodging
  9428 | D:11     | Reached ***** piety under Wu Jian
  9442 | D:11     | Noticed a death yak
  9447 | D:11     | Noticed a death yak
  9449 | D:11     | Noticed a death yak
  9649 | D:11     | Found a staircase to the Lair.
  9900 | D:11     | Killed a death yak
  9904 | D:11     | Killed a death yak
  9907 | D:11     | Killed a death yak
  9911 | D:11     | Reached skill level 14 in Unarmed Combat
 10052 | D:11     | Found a shimmering blue altar of Sif Muna.
 10094 | Lair:1   | Entered Level 1 of the Lair of Beasts
 10106 | Lair:1   | Acquired the ring "Zetsaj" {rN++ AC+4 Dex+2}
 10163 | Lair:1   | You fall into a shaft and drop 1 floor!
 10173 | Lair:2   | Reached XP level 12. HP: 89/122 MP: 9/11
 10220 | Lair:2   | HP: 27/122 [blink frog (11)]
 10319 | Lair:2   | Found a hole to the Spider Nest.
 10342 | Lair:2   | Noticed Erica
 10350 | Lair:2   | Killed Erica
 10475 | Lair:2   | Reached skill level 9 in Fighting
 10495 | Lair:2   | Reached skill level 9 in Dodging
 10956 | Lair:2   | Reached skill level 15 in Unarmed Combat
 11058 | Lair:2   | You pick up a book of Decay and begin reading...
 11058 | Lair:2   | You add the spells Corpse Rot, Dispel Undead and Death
                  | Channel to your library.
 11330 | Lair:2   | Noticed a seven-headed hydra
 11341 | Lair:2   | HP: 28/124 [14-headed hydra (10)]
 11341 | Lair:2   | HP: 8/124 [14-headed hydra (10)]
 11341 | Lair:2   | Slain by a 14-headed hydra

Vanquished Creatures
  Harold (D:10)
  Erica (Lair:2)
  2 two-headed ogres
  3 death yaks (D:11)
  A bog body (Lair:2)
  2 black mambas (Lair:2)
  A gargoyle (D:6)
  6 cane toads
  Psyche (D:8)
  4 komodo dragons
  2 rime drakes (Lair:2)
  A troll (D:9)
  A queen bee (D:11)
  2 polar bears (Lair:2)
  A hornet (D:9)
  10 blink frogs (Lair:2)
  Sigmund (D:2)
  29 yaks
  3 wyverns
  A wraith (D:10)
  2 basilisks (Lair:2)
  A steam dragon (Lair:2)
  Grum (D:10)
  Menkaure (D:5)
  An acid dragon (D:10)
  A two-headed ogre zombie (D:10)
  3 wargs (D:10)
  11 water moccasins
  Duvessa (D:6)
  2 ice beasts
  An orc warrior (D:6)
  An orc zombie (D:10)
  A sky beast (D:7)
  A black bear (D:6)
  An ogre (D:5)
  2 centaurs
  2 wolves (D:10)
  2 kobold brigands
  6 bullfrogs
  2 gnoll sergeants (D:9)
  A necrophage (D:5)
  5 scorpions
  7 wights
  Dowan (D:6)
  23 killer bees
  3 howler monkeys (D:11)
  A jelly (D:5)
  3 hounds
  A gnoll bouda (D:8)
  3 orc priests
  5 iguanas
  10 orc wizards
  16 gnolls
  12 adders
  A shadow imp (D:6)
  2 white imps
  2 ufetubi
  3 worms
  A dart slug (D:3)
  21 orcs
  5 bats
  4 endoplasms (D:1)
  5 giant cockroaches
  5 goblins
  10 hobgoblins
  6 jackals
  3 quokkas
  3 ball pythons (D:1)
  2 frilled lizards (D:3)
  17 kobolds
  3 rats
  4 toadstools (D:1)
304 creatures vanquished.

Vanquished Creatures (others)
  3 fungi
3 creatures vanquished.

Grand Total: 307 creatures vanquished

Table legend:
 A = Non-vault XP
 B = Vault XP
 C = Vault XP percentage of total XP
 D = Non-vault monster count
 E = Vault monster count
 F = Vault count percentage of total count
                 A         B        C        D         E       F
            +---------+---------+-------+---------+---------+-------
      Total |   17174 |   16771 |  49.4 |     222 |      78 |  26.0
            +---------+---------+-------+---------+---------+-------
        D:1 |      38 |       0 |   0.0 |      21 |       0 |   0.0
        D:2 |      64 |     239 |  78.9 |      14 |       1 |   6.7
        D:3 |      36 |       0 |   0.0 |      13 |       0 |   0.0
        D:4 |     143 |       0 |   0.0 |      14 |       0 |   0.0
        D:5 |     726 |     177 |  19.6 |      15 |       2 |  11.8
        D:6 |     965 |     790 |  45.0 |      14 |       6 |  30.0
        D:7 |     886 |       0 |   0.0 |      18 |       0 |   0.0
        D:8 |    1908 |     353 |  15.6 |      32 |       1 |   3.0
        D:9 |    2349 |       0 |   0.0 |      26 |       0 |   0.0
       D:10 |    2575 |    3192 |  55.3 |      18 |      16 |  47.1
       D:11 |    1301 |    5045 |  79.5 |      12 |      30 |  71.4
     Lair:1 |     350 |       0 |   0.0 |       1 |       0 |   0.0
     Lair:2 |    5833 |    6975 |  54.5 |      24 |      22 |  47.8
            +---------+---------+-------+---------+---------+-------

Illustrated notes

Table legend:
 A = Kills in this place as a percentage of kills in entire the game.
 B = Kills by you in this place as a percentage of kills by you in the entire game.
 C = Kills by friends in this place as a percentage of kills by friends in the entire game.
 D = Other kills in this place as a percentage of other kills in the entire game.
 E = Experience gained in this place as a percentage of experience gained in the entire game.
 F = Experience gained in this place divided by the number of levels of this place that you have seen.
                   A       B       C       D       E      F
               +-------+-------+-------+-------+-------+----------------------
         Total | 100.0 | 100.0 |   N/A |   N/A | 100.0 | 2424.6
       Dungeon |  84.3 |  84.3 |   N/A |   N/A |  61.2 | 1889.7
          Lair |  15.7 |  15.7 |   N/A |   N/A |  38.8 | 6579.0
               +-------+-------+-------+-------+-------+----------------------

Table legend: (Time is in decaauts)
 A = Elapsed time spent in this place.
 B = Non-inter-level travel time spent in this place.
 C = Inter-level travel time spent in this place.
 D = Time resting spent in this place.
 E = Time spent auto-exploring this place.
 F = Levels seen in this place.
 G = Mean time per level.
                   A        B        C        D        E       F      G
               +--------+--------+--------+--------+--------+-----+--------+
         Total |  11169 |  10774 |    395 |    483 |   8560 |  14 |  797.8 |
       Dungeon |   9682 |   9301 |    381 |    435 |   7393 |  11 |  880.2 |
        Temple |    288 |    274 |     14 |      0 |    250 |   1 |  288.0 |
          Lair |   1198 |   1198 |      0 |     48 |    917 |   2 |  599.0 |
               +--------+--------+--------+--------+--------+-----+--------+

Top non-repeatable levels by time:
    D:10: 1900 daAuts
  Lair:2: 1132 daAuts
     D:9: 1019 daAuts
     D:1: 991 daAuts
     D:5: 899 daAuts
     D:8: 823 daAuts
     D:7: 781 daAuts
    D:11: 779 daAuts
     D:4: 735 daAuts
     D:6: 650 daAuts
     D:3: 649 daAuts
     D:2: 450 daAuts
  Temple: 288 daAuts
  Lair:1: 66 daAuts
